 Dungeon Crawl Stone Soup version 0.20-a0-864-g92acfd1 (console) character file.

103 hittembot the Ruffian (level 4, 39/44 HPs)
             Began as a Troll Monk on Mar 12, 2017.
             Quit the game on level 3 of the Dungeon.
             The game lasted 00:03:18 (1590 turns).

hittembot the Ruffian (Troll Monk)                  Turns: 1590, Time: 00:03:19

Health: 39/44      AC:  5    Str: 20    XL:     4   Next: 51%
Magic:  3/3        EV: 11    Int:  6    God:
Gold:   125        SH:  0    Dex: 12    Spells: 3/3 levels left

rFire    . . .     SeeInvis .     - Unarmed
rCold    . . .     Gourm    +   a - +0 robe
rNeg     . . .     Faith    .   (no shield)
rPois    .         Spirit   .   (helmet restricted)
rElec    .         Reflect  .   (no cloak)
rCorr    .         Harm     .   (gloves unavailable)
MR       .....                  (boots unavailable)
Stlth    +.........             (no amulet)
Regen    0.6/turn               (no ring)
MPRegen  0.1/turn               (no ring)

@: confused
A: unfitting armour, claws 3, fast metabolism 3, gourmand, regeneration 1,
shaggy fur 1, tough skin 2
a: no special abilities


You were on level 3 of the Dungeon.
You were completely stuffed.

You visited 1 branch of the dungeon, and saw 3 of its levels.

You collected 125 gold pieces.

Inventory:

Armour
 a - a +0 robe (worn)
Scrolls
 c - 4 scrolls of magic mapping {unknown}
 d - 2 scrolls of identify {unknown}
 g - 3 scrolls of immolation {unknown}
 i - a scroll of remove curse {unknown}
 j - a scroll of enchant armour {unknown}
Potions
 e - 2 potions of mutation {unknown}
 h - a potion of curing {unknown}
 k - a potion of berserk rage {unknown}
Comestibles
 b - 3 bread rations
 f - 4 chunks of flesh


   Skills:
 + Level 2.9 Fighting
 + Level 3.1 Dodging
 + Level 1.2 Stealth
 + Level 4.0 Unarmed Combat


You had 3 spell levels left.
You didn't know any spells.

Dungeon Overview and Level Annotations

Branches:
Dungeon (3/15)

Altars:

Annotations:
D:3 Ijyb, Sigmund


Innate Abilities, Weirdness & Mutations

You are too large for most types of armour.
You have claws for hands.
Your metabolism is lightning-fast.
You like to eat raw meat.
Your natural rate of healing is unusually fast.
You are covered in fur. (AC +1)
You have very tough skin. (AC +2)


Message History

You are too confused!
You are too confused!
You are too confused!
You are too confused!
You are too confused!
You are too confused!
You are too confused!
You are too confused!
You are too confused!
You are too confused!
You are too confused!
You are too confused!
You are too confused!
You are too confused!
You are too confused!
You are too confused!
You are too confused!
You are too confused!
You are too confused!
Are you sure you want to abandon this character and quit the game? (Confirm with "yes".)

.... .# ... o#
.. .# #.##.###
# #..o.!.
#.##...$######
#.K...)......#
#r@<# #.{...#
......#.#
............
...........###
...g...###.#
...b..# .#
.....# .#


You could see Ijyb, 2 orcs, a bat, a kobold and a rat.

Vanquished Creatures
  5 adders (D:2)
  A dart slug (D:2)
  3 leopard geckos (D:2)
  An orc (D:3)
  8 bats
  3 giant cockroaches
  3 goblins
  11 hobgoblins
  3 jackals
  3 quokkas (D:2)
  2 frilled lizards (D:2)
  9 rats
52 creatures vanquished.

Notes
Turn   | Place    | Note
-------+----------+-------------------------------------------
     0 | D:1      | hittembot the Troll Monk began the quest for the Orb.
     0 | D:1      | Reached XP level 1. HP: 22/22 MP: 0/0
   320 | D:1      | Reached XP level 2. HP: 29/29 MP: 1/1
   853 | D:2      | Reached XP level 3. HP: 29/36 MP: 2/2
  1174 | D:2      | Reached XP level 4. HP: 41/44 MP: 3/3
  1447 | D:2      | Reached skill level 4 in Unarmed Combat
  1585 | D:3      | Noticed Sigmund
  1587 | D:3      | Noticed Ijyb
  1590 | D:3      | Quit the game

Vault maps used:
D:1:      nicolae_arrival_washed_ashore, minmay_split_cup_large
D:2:      kennysheep_flooded_box
D:3:      kennysheep_big_flooded_room, hangedman_decor_clover_reticule,
          uniq_sigmund, uniq_iyjb, uniq_crazy_yiuf_cottage, uniq_jessica

Skill      XL: |  1  2  3  4 |
---------------+-------------+-----
Dodging        | 3 |  3.1
Unarmed Combat | 4 |  4.0
Fighting       | |  2.9
Stealth        | |  1.2

Action                   |  1- 3 |  4- 6 || total
-------------------------+-------+-------++-------
Melee: Unarmed           |   118 |    18 ||   136
 Stab: Sleeping          |     1 |       ||     1
  Eat: Chunk             |    16 |     4 ||    20
Armor: Robe              |    57 |     3 ||    60
Dodge: Dodged            |    63 |    11 ||    74
